 Dungeon Crawl Stone Soup version 0.31.0-11-ge490571c62 (webtiles) character file.

Game seed: 10506260084894908962

1905 SolarTheDude the Twirler (level 8, -1/56 HPs)
             Began as a Demonspawn Wanderer on Jan 28, 2024.
             Was an Elder of Hepliaklqana.
             Slain by a steam dragon (2 damage)
             ... on level 7 of the Dungeon.
             The game lasted 00:22:29 (6721 turns).

SolarTheDude the Twirler (Demonspawn Wanderer)      Turns: 6721, Time: 00:22:30

Health: -1/56      AC:  6    Str: 10    XL:     8   Next: 94%
Magic:  12/14      EV: 13    Int: 24    God:    Hepliaklqana [****..]
Gold:   337        SH:  0    Dex: 12    Spells: 11/15 levels left

rFire   . . .        a - +2 quarterstaff
rCold   . . .        (shield currently unavailable)
rNeg    + . .        d - +0 robe
rPois   .            b - +0 helmet
rElec   .            (no cloak)
rCorr   .            (no gloves)
SInv    .            (no boots)
Will    .....        g - amulet of faith
Stlth   ++           r - +6 ring of intelligence
HPRegen 0.29/turn    s - ring of positive energy
MPRegen 0.14/turn

%: faith
@: no status effects
A: reduced essence, claws 1, molten scales 2, condensation shield
a: Renounce Religion, Recall Ancestor, Ancestor Identity, Transference, Idealise


You were on level 7 of the Dungeon.
You worshipped Hepliaklqana.
Hepliaklqana was greatly pleased with you.
You visited 2 branches of the dungeon, and saw 8 of its levels.

You collected 337 gold pieces.

Inventory:

Hand Weapons
 a - a +2 quarterstaff (weapon)
 e - a +0 battleaxe
Missiles
 k - a throwing net
Armour
 b - a +0 helmet (worn)
 d - a +0 robe (worn)
Jewellery
 g - an amulet of faith (around neck)
 r - a +6 ring of intelligence (left claw)
 s - a ring of positive energy (right claw)
 v - a ring of see invisible
Wands
 u - a wand of flame (15)
Scrolls
 f - a scroll of teleportation {unknown}
 i - 2 scrolls of identify
 l - a scroll of vulnerability
 m - a scroll of blinking
 n - a scroll of enchant armour
 p - a scroll of acquirement
 q - 3 scrolls of immolation
 t - 2 scrolls of enchant weapon {unknown}
Potions
 c - 2 potions of attraction
 h - 2 potions of brilliance {unknown}
 j - 3 potions of enlightenment
 o - a potion of ambrosia


   Skills:
 + Level 5.4 Fighting
 + Level 7.1 Staves
 + Level 5.2 Dodging
 + Level 2.8 Stealth
 + Level 1.0 Shields
 + Level 4.1 Spellcasting
 + Level 1.2 Summonings
 + Level 0.5 Evocations


You had 11 spell levels left.
You knew the following spells:

 Your Spells              Type           Power      Damage    Failure   Level
a - Summon Small Mammal   Summ           40%        N/A       6%          1
b - Call Canine Familiar  Summ           10%        N/A       17%         3

Your spell library contained the following spells:

 Spells                   Type           Power      Damage    Failure   Level
 Magic Dart               Conj           16%        1d3       10%         1
 Sting                    Conj/Alch      16%        1d4       10%         1
 Lesser Beckoning         Tloc           8%         N/A       14%         2
 Mercury Vapours          Alch/Air       8%         N/A       14%         2
 Scorch                   Fire           8%         2d5       14%         2
 Searing Ray              Conj           8%         2d4       14%         2
 Gell's Gravitas          Tloc           4%         N/A       28%         3
 Teleport Other           Tloc           4%         N/A       28%         3
 Summon Blazeheart Golem  Fire/Summ      7%         N/A       58%         4
 Flame Wave               Conj/Fire      4%         2d5       67%         4
 Fulminant Prism          Conj/Alch      2%         3d5       67%         4
 Olgreb's Toxic Radiance  Alch           4%         N/A       67%         4
 Summon Cactus Giant      Summ           5%         N/A       100%        6


Dungeon Overview and Level Annotations

Branches:
Dungeon (7/15)             Temple (1/1) D:4

Altars:
Cheibriados
Dithmenos
Fedhas
Hepliaklqana
Kikubaaqudgha
Makhleb
Okawaru
Qazlal
Ru
Trog
Uskayaw
Vehumet
Xom

Shops:
D:2 *


Innate Abilities, Weirdness & Mutations

Your life essence is reduced to manifest your ancestor. (-10% HP)
You have sharp fingernails.
You are mostly covered in molten scales. (AC +3)
A meltable shield of frost defends you. (SH +0)


Message History

Solis closely misses the centaur.
The centaur wields a +0 orcbow.
The centaur shoots an arrow.
The arrow hits Solis but does no damage.
Casting: Call Canine Familiar (dangerous; 19% risk of failure)
Confirm with . or Enter, or press ? or * to list all spells.
You miscast Call Canine Familiar.
You are very lightly contaminated with residual magic.
Nothing appears to happen.
Solis hits the centaur with a +0 flail!
The centaur shoots an arrow.
The arrow hits Solis!
The steam dragon breathes steam at you. The ball of steam hits you!
Your condensation shield dissipates!
Found a short silver wand.
You are engulfed in a cloud of scalding steam.
The centaur is engulfed in a cloud of scalding steam.
The centaur shoots an arrow.
The arrow hits you.
A sky beast comes into view.
Okay, then.
Okay, then.
Found 2 boomerangs.
The centaur is engulfed in a cloud of scalding steam.
The centaur shoots an arrow.
The arrow hits you!
Solis hits the centaur with a +0 flail.
The centaur is engulfed in a cloud of scalding steam.
The centaur dies!
Solis closely misses the steam dragon.
You see here a wand of polymorph (8).
The sky beast flickers out of sight!
Deactivating autopickup; reactivate with Ctrl-A.
The steam dragon breathes steam at you. The ball of steam hits you!!
* * * LOW HITPOINT WARNING * * *
You are engulfed in a cloud of scalding steam.
* * * LOW HITPOINT WARNING * * *
Your magical contamination has completely faded away.
You hit the steam dragon but do no damage.
You are engulfed in a cloud of scalding steam.
* * * LOW HITPOINT WARNING * * *
Solis barely misses something.
The steam dragon bites you.
You die...

# # ...# .. . ...#
...#. #####...###
.....###...§......
...........R......
.(......R.<.......
.....##{###....#.#
... #D# ....# .
#@# ....# #§#
.!..# ......§§#
.#.## .########
.... ##.##


You could see the friendly Solis the knight and a steam dragon (catching breath,
ally target).

Vanquished Creatures
  Grinder (D:4)
  Eustachio (D:6)
  A water moccasin (D:6)
  A black bear (D:5)
  A kobold brigand (D:6)
  3 scorpions
  A howler monkey (D:3)
  A nameless horror (D:6)
  An orc priest (D:6)
  A bombardier beetle (D:5)
  Jessica (D:3)
  An iguana (D:5)
  8 gnolls
  8 adders
  A white imp (D:5)
  A ribbon worm (D:3)
  2 orcs (D:3)
  2 ball pythons
  7 endoplasms
  3 giant cockroaches
  10 goblins
  4 hobgoblins
  2 jackals (D:3)
  4 quokkas
  4 bats
  4 frilled lizards (D:1)
  4 kobolds
  2 rats
80 creatures vanquished.

Vanquished Creatures (collateral kills)
  Sigmund (D:3)
  A kobold brigand (D:6)
  A gnoll sergeant (D:5)
  A bombardier beetle (D:3)
  A hound (D:5)
  An orc priest (D:6)
  2 iguanas
  2 orc wizards (D:6)
  A sleepcap (D:6)
  Robin (D:3)
  4 adders
  8 gnolls (D:5)
  2 ufetubi (D:6)
  A dart slug (D:2)
  A ribbon worm (D:6)
  8 orcs
  4 ball pythons
  A bat (D:2)
  3 endoplasms
  3 giant cockroaches (D:2)
  4 hobgoblins
  2 jackals (D:3)
  3 kobolds (D:6)
  2 quokkas
  2 frilled lizards
  6 goblins
  5 rats
  A butterfly (D:4)
72 creatures vanquished.

Vanquished Creatures (others)
  A centaur (D:7)
  An ancestor (D:2)
2 creatures vanquished.

Grand Total: 154 creatures vanquished

Notes
Turn   | Place    | Note
-------+----------+-------------------------------------------
     0 | D:1      | SolarTheDude the Demonspawn Wanderer began the quest for
                  | the Orb.
     0 | D:1      | SolarTheDude set off with the following items: a +2
                  | quarterstaff, a +0 helmet, a potion of attraction, a +0
                  | robe; and the following spell memorised: Summon Small
                  | Mammal; and the following spells available to memorise:
                  | Call Canine Familiar.
     0 | D:1      | Reached XP level 1. HP: 16/16 MP: 4/4
   257 | D:1      | Reached skill level 3 in Staves
   360 | D:1      | Gained mutation: You are partially covered in molten
                  | scales. (AC +2) [demonic ancestry]
   360 | D:1      | Reached XP level 2. HP: 20/22 MP: 6/6
   624 | D:1      | Found a faded altar of an unknown god.
  1032 | D:1      | Prayed at the altar of an unknown god.
  1032 | D:1      | Became a worshipper of Hepliaklqana the Forgotten
  1032 | D:1      | Reached * piety under Hepliaklqana
  1653 | D:2      | Reached XP level 3. HP: 25/25 MP: 7/7
  1893 | D:2      | Found Ekkacvem's Assorted Antiques.
  2073 | D:2      | Reached XP level 4. HP: 22/30 MP: 9/9
  2075 | D:2      | Reached ** piety under Hepliaklqana
  2076 | D:2      | Remembered your ancestor Solis as a knight
  2407 | D:3      | Noticed Jessica
  2412 | D:3      | Killed Jessica
  2477 | D:3      | Noticed Robin
  2502 | D:3      | Killed Robin
  2503 | D:3      | Reached XP level 5. HP: 27/36 MP: 10/10
  2519 | D:3      | Reached skill level 4 in Staves
  2615 | D:3      | Found a hide-covered altar of Uskayaw.
  2873 | D:3      | Gained mutation: You have sharp fingernails. [demonic
                  | ancestry]
  2873 | D:3      | Reached XP level 6. HP: 37/42 MP: 11/11
  3048 | D:3      | Noticed Sigmund
  3080 | D:3      | Killed Sigmund
  3408 | D:4      | Noticed Grinder
  3415 | D:4      | Paralysed by Grinder for 5 turns
  3421 | D:4      | Killed Grinder
  3422 | D:4      | Reached skill level 5 in Staves
  3422 | D:4      | Gained mutation: You are mostly covered in molten scales.
                  | (AC +3) [demonic ancestry]
  3422 | D:4      | Reached XP level 7. HP: 7/48 MP: 12/12
  3722 | D:4      | Found a staircase to the Ecumenical Temple.
  4042 | D:4      | Reached *** piety under Hepliaklqana
  4083 | D:4      | Found a hazy altar of Hepliaklqana.
  4370 | Temple   | Entered the Ecumenical Temple
  4557 | D:5      | Entered Level 5 of the Dungeon
  4962 | D:5      | Reached skill level 6 in Staves
  4968 | D:5      | Gained mutation: A meltable shield of frost defends you.
                  | (SH +0) [demonic ancestry]
  4968 | D:5      | Reached XP level 8. HP: 37/54 MP: 13/13
  4971 | D:5      | Identified a scroll of acquirement
  5031 | D:5      | Found an ancient bone altar of Kikubaaqudgha.
  5040 | D:5      | Reached skill level 5 in Fighting
  5589 | D:6      | Learned a level 3 spell: Call Canine Familiar
  5900 | D:6      | Found a snail-covered altar of Cheibriados.
  5961 | D:6      | Found a stormy altar of Qazlal.
  6266 | D:6      | Reached **** piety under Hepliaklqana
  6322 | D:6      | Reached skill level 5 in Dodging
  6322 | D:6      | Reached skill level 1 in Summonings
  6558 | D:6      | Noticed Eustachio
  6599 | D:6      | Killed Eustachio
  6600 | D:6      | Reached skill level 7 in Staves
  6600 | D:6      | Reached skill level 1 in Shields
  6721 | D:7      | HP: 1/56 [steam dragon] (6)]
  6721 | D:7      | Slain by a steam dragon

Illustrated notes

Levels and vault maps discovered:
D:1:      minmay_arrival_checkered_box, layout_basic,
          shapermc_ecumenical_altar_gd, due_unseen_surprise
D:2:      layout_basic, serial_forest, infiniplex_forest_clump_small,
          infiniplex_forest_clump_diagonal, infiniplex_forest_end_2,
          infiniplex_forest_straight_4, infiniplex_forest_lined_1,
          infiniplex_forest_straight_4, infiniplex_forest_zigzag_1,
          serial_shops, nicolae_shop_trees
D:3:      kb_forest_paths, layout_basic, nicolae_uskayaw_dance_hall,
          corner_web_ring, minmay_ruptured, uniq_sigmund, uniq_jessica,
          uniq_robin
D:4:      layout_basic, nicolae_hepliaklqana_hippocampus, tso_metal_star,
          minmay_temple_entry_butterflies, uniq_grinder
D:5:      layout_basic, mainiacjoe_overflow_alcove_1,
          nicolae_elevator_lobby_plus
D:6:      layout_loops_cross, cheibrodos_worm_habitat,
          mainiacjoe_overflow_chevrons, minmay_door_square, uniq_eustachio
D:7:      layout_loops_cross, hellmonk_sif_muna_bookshelves,
          nemelex_dance_club_becter
Temple:   hellmonk_temple_flake

Skill      XL: |  1  2  3  4  5  6  7  8 |
---------------+-------------------------+-----
Staves         | 3 4 5 6 7 |  7.1
Fighting       | 3 4 5 |  5.4
Dodging        | 2 3 4 5 |  5.2
Stealth        | 2 |  2.8
Spellcasting   | 4 |  4.1
Summonings     | 1 |  1.2
Shields        | 1 |  1.0
Evocations     | |  0.5

Action                     |  1- 3 |  4- 6 |  7- 9 || total
---------------------------+-------+-------+-------++-------
  Melee: Quarterstaff      |    85 |    86 |   121 ||   292
   Cast: Summon Small Mamm |     1 |     1 |     1 ||     3
         Call Canine Famil |       |       |     4 ||     4
 Invoke: Ancestor Identity |     1 |       |       ||     1
         Ancestor Life: Kn |       |     1 |       ||     1
         Recall Ancestor   |       |       |     1 ||     1
  Evoke: Wand              |       |       |     3 ||     3
    Use: Potion            |       |     6 |     7 ||    13
         Scroll            |       |       |     6 ||     6
   Stab: Sleeping          |       |     1 |       ||     1
 Armour: Robe              |    56 |    71 |   128 ||   255
         Skin              |       |       |    58 ||    58
  Dodge: Dodged            |    61 |    65 |   117 ||   243
  Block: Other             |       |       |    16 ||    16
